Cogmind - Beta 15 @@@ ROGUE MODE // 2025.08.12 @ 12:13:42 Player: Mogwok Wargfriend Result: Destroyed by G-34 Mercenary with Small Laser Performance ------------- Evolutions (0) 0 Regions Visited (1) 200 Robots Destroyed (25) 125 Value Destroyed (509) 509 Prototype IDs (0) 0 Alien Tech Used (0) 0 Bonus (0) 0 TOTAL SCORE: 834 Bonus ------- None Cogmind --------- Core Integrity 0/250 Matter 300/300 Energy 250/250 System Corruption 6% Temperature Cool (6) Movement Rolling (115) Ox1 Location -10/Materials Parts ------- > --- POWER (1) -------- Ion Engine > --- PROPULSION (2) --- Compact Wheel > --- UTILITY (2) ------ Large Storage Unit Targeting Computer > --- WEAPON (2) ------- Medium Laser Mace > --- INVENTORY (15) --- Light Ion Engine Improved Aluminum Leg Improved Aluminum Leg Improved Aluminum Leg Improved Aluminum Leg Large Storage Unit Large Battery (200) High-capacity Matter Pod (200) Hacking Suite Beam Cannon Grenade Launcher Datajack Mining Laser Peak State ------------ > --- POWER ------------ Ion Engine > --- PROPULSION ------- Wheel Compact Wheel > --- UTILITY ---------- Large Storage Unit Seismic Detector > --- WEAPON ----------- Small Laser Assault Rifle > --- INVENTORY -------- Light Ion Engine Light Ion Engine Improved Aluminum Leg Improved Aluminum Leg Improved Aluminum Leg Improved Aluminum Leg Wheel Wheel Large Storage Unit Medium Matter Pod Medium Laser Beam Cannon Grenade Launcher Mining Laser Mace [Rating: 9] Favorites ----------- Power Ion Engine Engine Ion Engine Propulsion Compact Wheel Leg Aluminum Leg Wheel Compact Wheel Utility Large Storage Unit Device Seismic Detector Storage Large Storage Unit Processor Targeting Computer Weapon Small Laser Energy Gun Small Laser Energy Cannon Beam Cannon Ballistic Gun Assault Rifle Impact Weapon Mace Special Melee Weapon Datajack Build | -11 -10 ------- Run | Yrd Mat Slots Evolved . | . . Power . | . . Propulsion . | . . Utility . | . . Weapon . | . . Parts Attached 17 | 7 10 Power 3 | 1 2 Engine 3 | 1 2 Core . | . . Reactor . | . . Propulsion 4 | 2 2 Treads . | . . Leg 1 | . 1 Wheel 3 | 2 1 Hover . | . . Flight . | . . Utility 4 | 2 2 Device 1 | 1 . Storage 2 | 1 1 Processor 1 | . 1 Hackware . | . . Protection . | . . Artifact . | . . Weapon 6 | 2 4 Energy Gun 2 | 1 1 Energy Cannon 1 | . 1 Ballistic Gun 1 | 1 . Ballistic Cannon . | . . Launcher . | . . Special Weapon . | . . Impact Weapon 1 | . 1 Slashing Weapon . | . . Piercing Weapon . | . . Special Melee Weapon 1 | . 1 Unidentified Prototypes . | . . Corrupted Parts 1 | . 1 System Corruption 5 | . 5 Parts Lost 6 | . 6 Power 1 | . 1 Propulsion 3 | . 3 Utility . | . . Weapon 2 | . 2 Highest Loss Streak 3 | . 3 To Critical Strikes . | . . Average Backups 12 | 4 13 Power 1 | 1 1 Propulsion 4 | 2 5 Utility 2 | . 2 Weapon 3 | 1 3 Tool/Special . | . . Unused Backups 19 | . 19 Power 1 | . 1 Propulsion 9 | . 9 Utility 7 | . 7 Weapon 2 | . 2 Tool/Special . | . . Average Slot Usage (%) 99 | . 99 Engine 14 | . 14 Leg 2 | . 2 Wheel 25 | . 25 Device 7 | . 7 Storage 14 | . 14 Processor 7 | . 7 Energy Gun 19 | . 19 Ballistic Gun 4 | . 4 Impact Weapon 2 | . 2 Peak Build Rating 9 | 7 9 Average Rating 8 | 5 8 On Entrance 3 | . 7 Naked Turns . | . . Heaviest Build 29 | 14 29 Greatest Support 26 | 26 26 Greatest Overweight (x) 1 | . 1 Average Overweight (x) . | . . Largest Inventory Capacity 15 | 8 15 Average Capacity 14 | 7 14 Most Carried 15 | 8 15 Average Carried 13 | 5 14 Final Capacity 15 | 8 15 Final Carried 13 | 8 13 Class Distribution -------------------- 100% | Mutant Dominant Class ---------------- Mutant | -10/Materials Resources | -11 -10 ----------- Run | Yrd Mat Matter Collected 896 | 303 593 Remotely . | . . Salvage Created 892 | 166 726 Parts 43 | 12 31 Haulers Intercepted 2 | . 2 Recyclers Shooed . | . . Parts Field Recycled . | . . Retrieved Matter . | . . Parts Self-Destructed . | . . Prevented . | . . Kills | -11 -10 ------- Run | Yrd Mat Combat Hostiles Destroyed 12 | . 12 Guns 9 | . 9 Classes Destroyed 9 | 3 6 Worker 2 | 1 1 Tunneler 3 | 3 . Hauler 2 | . 2 Recycler 1 | 1 . Mechanic 1 | . 1 Operator 1 | . 1 Watcher 3 | . 3 Swarmer 2 | . 2 Grunt 10 | . 10 Best Kill Streak 4 | 2 4 Combat Bots Only 3 | . 3 Max Kills in Single Turn 2 | 1 2 Gunslinging . | . . Exploded . | . . Melee . | . . Uniques/NPCs Destroyed . | . . Combat | -11 -10 -------- Run | Yrd Mat Hostile Shots Fired 87 | . 87 Missed 18 | . 18 Hits 69 | . 69 Projectile 69 | . 69 Critical Strikes 1 | . 1 Damage Taken 825 | . 825 Core 256 | . 256 Absorbed by Shields . | . . Regen/Repaired (Parts) 64 | . 64 Core Remaining (%) 100 | 100 . Volleys Fired 72 | 11 61 Largest 2 | 2 2 Hottest 90 | 60 90 Shots Fired 127 | 22 105 Gun 127 | 22 105 Cannon . | . . Launcher . | . . Special . | . . Kinetic 29 | 11 18 Thermal 98 | 11 87 Explosive . | . . Electromagnetic . | . . Robot Hit Streak 12 | 5 12 Robot Miss Streak 2 | 1 2 Penetration Max . | . . Secondary Targets 1 | . 1 Max Gunslinging Chain 1 | . 1 Shots Hit Robots 98 | 15 83 Core Hits 35 | 6 29 Critical Kills . | . . Critical Parts Destroyed 2 | . 2 Critical Strikes 7 | . 7 Burn 5 | . 5 Smash 2 | . 2 Melee Attacks 12 | . 12 Impact 12 | . 12 Slashing . | . . Piercing . | . . Sneak Attacks 2 | . 2 Combat Hostiles . | . . Follow-up Attacks . | . . Damage Inflicted 1464 | 171 1293 Guns 1069 | 171 898 Cannons . | . . Explosions . | . . Melee 395 | . 395 Ramming . | . . Kinetic 285 | 92 193 Thermal 784 | 79 705 Explosive . | . . Electromagnetic . | . . Impact 395 | . 395 Slashing . | . . Piercing . | . . Highest Corruption 6 | . 6 Average Corruption 1 | . 1 Corruption Purged . | . . Corruption Blocked . | . . Effects 8 | . 8 Message Errors 5 | . 5 Matter Fused 1 | . 1 Energy Discharges 1 | . 1 Data Loss (major) 1 | . 1 Overload Shots . | . . Overflow Damage 224 | . 224 Projectiles . | . . Explosions . | . . Melee 224 | . 224 Knockbacks 1 | . 1 Impact 1 | . 1 Kinetic . | . . Secondary . | . . Self-Inflicted Damage . | . . Shots . | . . Rammed . | . . Targets Rammed . | . . Kicked . | . . Crushed . | . . Highest Temperature 193 | . 193 Average Temperature 63 | . 63 Received Heat Transfer 450 | . 450 Siege Activations . | . . Martial Activations . | . . Shielding Activations . | . . Robots Disrupted . | . . Combat Hostiles . | . . Robots Corrupted 3 | . 3 Combat Hostiles 2 | . 2 Parts Fried 4 | . 4 Impact Corruptions 9 | . 9 Robots Melted 1 | . 1 Combat Hostiles 1 | . 1 Parts Melted 4 | . 4 Heat Transferred 2416 | 175 2241 Parts Sabotaged . | . . Parts Stolen . | . . Parts Stripped . | . . Power Chain Reactions . | . . Alert | -11 -10 ------- Run | Yrd Mat Maximum Alert Level . | . . Low Security (%) 100 | 100 100 Level 1 . | . . Level 2 . | . . Level 3 . | . . Level 4 . | . . Level 5 . | . . High Security . | . . Max Security . | . . Peak Influence 73 | 5 73 Initial 3 | . 3 Average 21 | 1 23 Influence Increases 429 | 25 404 Destroy 0b10 Robot/C 240 | . 240 Destroy 0b10 Robot/NC 65 | 25 40 Destroy Leader 70 | . 70 Successful Hack 22 | . 22 Destroy Structure 2 | . 2 Lose Combat Pursuer 30 | . 30 Influence Decreases 390 | 20 370 Entered New Map 2 | . 2 Time Decay 328 | 20 308 Lost Part 50 | . 50 Lost Ally 10 | . 10 Squads Dispatched 2 | . 2 Investigation . | . . Extermination . | . . Reinforcement 2 | . 2 Assault . | . . Garrison . | . . Intercept . | . . Searches Triggered . | . . Construction Impeded . | . . Haulers Reinforced . | . . Active Scanning Responses . | . . Cargo Convoy Interrupts . | . . Stealth | -11 -10 --------- Run | Yrd Mat Distress Signals 2 | . 2 Communications Jammed . | . . Distress Signals . | . . Times Spotted 24 | . 24 Peak Tracking Total 4 | . 4 Tactical Retreats 2 | . 2 Traps | -11 -10 ------- Run | Yrd Mat Traps Triggered 1 | . 1 Indirectly . | . . Trap Hack Attempts 13 | . 13 Triggered . | . . Disarmed 2 | . 2 Reprogrammed . | . . Reused . | . . Traps Extracted . | . . Installed . | . . Triggered . | . . Machines | -11 -10 ---------- Run | Yrd Mat Machines Disabled . | . . Max in Single Turn . | . . Machines Repaired . | . . Machines Dismantled . | . . Machines Sabotaged . | . . Overloaded Fab Kills . | . . Hacking | -11 -10 --------- Run | Yrd Mat Machines Accessed 8 | . 8 Terminals 6 | . 6 Fabricators . | . . Repair Stations 1 | . 1 Recycling Units 1 | . 1 Scanalyzers . | . . Garrison Access . | . . Total Hacks 24 | . 24 Successful 12 | . 12 Failed 12 | . 12 Catastrophic . | . . Database Lockouts . | . . Manual 19 | . 19 Terminals 17 | . 17 Fabricators . | . . Repair Stations 3 | . 3 Recycling Units 4 | . 4 Scanalyzers . | . . Garrison Access . | . . Terminal Hacks 3 | . 3 Robot Analysis 2 | . 2 Alert Level 1 | . 1 Fabricator Hacks . | . . Repair Station Hacks 2 | . 2 Scan Component 1 | . 1 Repair 1 | . 1 Recycling Unit Hacks 1 | . 1 Report Inventory 1 | . 1 Scanalyzer . | . . Garrison Access Hacks . | . . Unauthorized Hacks 6 | . 6 Terminals 4 | . 4 Assimilate 1 | . 1 Botnet 3 | . 3 Fabricators . | . . Repair Stations . | . . Recycling Units 2 | . 2 Reject 1 | . 1 Mask 1 | . 1 Scanalyzers . | . . Garrison Access . | . . Data Cores Recovered . | . . Used . | . . Hacking Detections 7 | . 7 Full Trace Events 1 | . 1 Feedback Events 1 | . 1 Corruption 1 | . 1 Feedback Blocked . | . . Robot Schematics Acquired . | . . Robots Built . | . . Authchips . | . . Time . | . . Total Robot Build Rating . | . . Part Schematics Acquired . | . . Parts Built . | . . Authchips . | . . Time . | . . Total Part Build Rating . | . . Parts Repaired 1 | . 1 Time 26 | . 26 Parts Recycled . | . . Recycled Matter . | . . Retrieved Matter . | . . Retrieved Components . | . . Parts Scanalyzed . | . . Part Schematics Acquired . | . . Parts Damaged . | . . Bothacking | -11 -10 ------------ Run | Yrd Mat Used RIF Installer . | . . Robots Hacked . | . . Non-combat . | . . Combat . | . . Robot Hacks Applied . | . . Relay Couplers Released . | . . Fabnet Peak Effective % . | . . Robots Rewired . | . . Allies Hacked . | . . Hacks Repelled . | . . Allies | -11 -10 -------- Run | Yrd Mat Total Allies 1 | . 1 Largest Group 1 | . 1 Highest-Rated Group 10 | . 10 Highest-Rated Ally 10 | . 10 Total Orders . | . . Ally Attacks . | . . Total Damage . | . . Kills . | . . Allies Corrupted . | . . Allies Melted . | . . Intel | -11 -10 ------- Run | Yrd Mat Active Infowar (turns) 546 | 14 532 Seismic 546 | 14 532 Robot Analysis Total 2 | . 2 Derelict Logs Recovered . | . . Drone Launches . | . . Drone Recoveries . | . . Exploration | -11 -10 ------------- Run | Yrd Mat Turns Passed 1195 | 118 1077 Spaces Moved 749 | 86 663 Core 26 | 26 . Treads . | . . Legs . | . . Wheels 723 | 60 663 Hover . | . . Flight . | . . Fastest Speed 50 | 50 90 Average Speed 102 | 77 106 Slowest Speed 115 | 90 115 Overloaded Moves . | . . Propulsion Burnouts . | . . Robots Hopped . | . . Potential Cave-ins . | . . Cave-ins Triggered . | . . Exploration Rate (%) 43 | 4 83 Regions Visited 1 Branch Regions . Pre-discovered Areas . | . . Known Exits Taken . | . . Unknown Exits Taken 1 | 1 . Scrap Searched . | . . Spaces Dug 1 | . 1 Terrain Destroyed 1 | . 1 Melee 1 | . 1 Projectile . | . . AOE . | . . Terrain Rammed . | . . Walls Destroyed . | . . Machines Disabled . | . . Actions | -11 -10 --------- Run | Yrd Mat Total 1027 | 111 916 Wait 126 | . 126 Move 748 | 85 663 Hop . | . . Pick Up 24 | 8 16 Fast Attach 12 | 7 5 Attach 4 | . 4 Detach 1 | . 1 Swap 4 | . 4 Drop 11 | . 11 Fire 72 | 11 61 Melee 12 | . 12 Ram . | . . Kick . | . . Crush . | . . Escape Stasis . | . . Rewire . | . . Trap 13 | . 13 Miscellaneous . | . . Route ------- -11/Scrapyard -10/Materials (discovered 3 exits: [*Mat x2] / [*Min]) History --------- Turn | Location | Event 3 | -11/Scrapyard | Discovered new exit (range 16) 119 | -11/Scrapyard | Entered Materials 305 | -10/Materials | Build established: Mutant 361 | -10/Materials | Discovered new exit (range 13) 363 | -10/Materials | Discovered new exit (range 14) 561 | -10/Materials | Core integrity fell below 50% 968 | -10/Materials | Discovered new exit (range 14) 1015 | -10/Materials | Core integrity fell below 20% 1055 | -10/Materials | Lost 3 parts (2n1w) 1161 | -10/Materials | Repaired Med. Laser 1196 | -10/Materials | Destroyed by G-34 Mercenary with Small Laser Last Messages --------------- Repairing Med. Laser... ETC: 26 01161_ Repair station completes Med. Laser repairs. 01161_ System corrupted: Energy discharge (-92). 01161_ Acquired Med. Laser. 01166_ K-01 Serf cleans the Fusion Modulator. 01167_ Acquired 10 matter. 01170_ K-01 Serf collects debris. 01177_ #QZ9NNQGR,HXSSCHDBI4C%KZWL99RB%HTORO B 01184_ K-01 Serf collects debris. 01194_ Aluminum Leg destroyed. 01195_ Destroyed Heat Sink. 01195_ G-34 Mercenary system corrupted by crushing effect. 01195_ G-34 Mercenary knocked back. 01196_ WB:NP HBY0HMD:JCRUHBXM=R, AARZV 01196_ G-34 Mercenary system terminally corrupted. 01196_ Aluminum Leg fried. Map ----- +----------------------------------------------------+ | ## ########???# #?????# "Y" #???????? | | #???# #?????# """ #???????? | | ##### #?????##########???????? | | #??????????????????????? | | ##########+###### #??????????????????????? | | ?????# ## ########???????????????? | | ?????# ## # #???????????????? | | ?????# ## # ########????????? | | ?????# ## # """# #????????? | | ?????# ## + T"# T #????????? | | ?????# ##### # """# #????????? | | ?????# #???# # # #????????? | | ?????# #???# ######## #????????? | | ?????###########???# #??????#] #????????? | | ?????????????????###=#??????####+####???????? | | ???#########???#####%#??????# #???????? | | #### ##### !!*=######## < #???????? | | !%! #???????? | | < !"! ###########+####???????? | | % ## ! # #???????? | | #### ##### ## # #???????? | | #### "!"!" #???##% ### # #???????? | | #""!"!""#????# #?# """ # #???????? | | " #########????# #?# "R # #???????? | | T #????????????# #?# """ # #???????? | | " #????????????# #?# @ #####+##???????? | | #????????????# % ######g##### #???????? | | + ???????????# ^^ % #???????? | | ###??????????#^ % #???????? | | #????????????#^ """ ##### #???????? | | #????????????# """ #???######???????? | | ####????????????# """ #????????????????? | | #########???????# #????????????????? | | ? #????????????????? | | ^ #????????????????? | | #????????????????? | | ######## ? """ """ #????????????????? | | ???????????????"""""""" #????????????????? | | ????????????????"""" " #????????????????? | | ??????????????????? ^ #????????????????? | | ?????????????????? #????????????????? | | ?????????????????? ? #????????????????? | | ???????????????????? ????????????????? | | ??????????????????? ????????????????? | | ???????????????????########+????????????????? | | ????????????????????????????????????????????? | | ????????????????????????????????????????????? | | ????????????????????????????????????????????? | | ????????????????????????????????????????????? | | ????????????????????????????????????????????? | +----------------------------------------------------+ Best States ------------- Heat Dissipation 25 Energy Generation 10 Energy Capacity 250 Matter Stores 300 Matter Capacity 300 Sight Range 16 Terrain Scan Density 10 Evasion (%) 50 Targeting Accuracy 5 Item Schematics ----------------- None Robot Schematics ------------------ None Fabricated ------------ Nothing Repaired ---------- Med. Laser | 8% | -10/Materials Alien Tech Used ----------------- None Achievements -------------- None Challenges ------------ None Game ------ Seed DeepMobileJammer Manual? 0 Play Time 00:13:05 Cumulative 300.7 hours Start 2025.08.12 @ 12:02:59 End 2025.08.12 @ 12:13:42 Sessions 1 Manual Loads 0 Difficulty Rogue Special Mode None Game No. 266 Rogue 266 Adventurer 0 Explorer 0 Win Type - Total 1 Types 1/0/0/0/0/0/0/0/0/0 Lore% 67 Gallery% 64 Achievement% 51 Wizard Run 0 Options --------- Layout 2 ASCII 1 Keyboard 1 Movement Numpad Keybinds 0 Fullscreen 2 Font 32/TamsynBold Map View 50x44 Zoom Use 0% Tactical HUD 1 Map Filters NONE Filters NONE Steam 1 RUN: 258e550f-dee2-427e-99ed-afa9b14e584a